 Seeded DCSS version 0.30.1-4-g462c640d31 (webtiles) character file.

Game seed: 6351066067085065685 (custom seed)

2432 Esekla the Thaumaturge (level 9, -17/45 HPs)
             Began as a Deep Elf Wanderer on Sept 10, 2023.
             Was a Priest of Vehumet.
             Demolished by an ogre
             ... wielding a +0 giant club
              (31 damage)
             ... on level 7 of the Dungeon.
             The game lasted 01:00:00 (6734 turns).

Esekla the Thaumaturge (Deep Elf Wanderer)          Turns: 6734, Time: 01:00:01

Health: -17/45     AC:  5    Str: 11    XL:     9   Next: 24%
Magic:  16/26      EV: 13    Int: 23    God:    Vehumet [***...]
Gold:   398        SH:  4    Dex: 11    Spells: 12/30 levels left

rFire   . . .        a - +2 dagger (vamp)
rCold   . . .        d - +0 buckler
rNeg    . . .        I - +0 robe
rPois   .            k - +0 helmet
rElec   .            E - +0 cloak
rCorr   .            j - +0 pair of gloves
SInv    .            (no boots)
Will    .....        p - amulet of magic regeneration
Stlth   ++           (no ring)
HPRegen 0.27/turn    (no ring)
MPRegen 0.60/turn

%: no passive effects
@: no status effects
A: no striking features
a: Renounce Religion


You were on level 7 of the Dungeon.
You worshipped Vehumet.
Vehumet was most pleased with you.
You visited 1 branch of the dungeon, and saw 8 of its levels.

You collected 398 gold pieces.

Inventory:

Hand Weapons
 a - a +2 vampiric dagger (weapon)
 c - a +0 scimitar
 r - a +4 trident of venom
 s - the +5 rapier of the Hero {heavy, rN+ Dex+3}
   (You found it on level 3 of the Dungeon)

   Dex:       It affects your dexterity (+3).
   rN:        It protects you from negative energy.
Missiles
 B - 18 poisoned darts (quivered)
Armour
 d - a +0 buckler (worn)
 j - a +0 pair of gloves (worn)
 k - a +0 helmet (worn)
 E - a +0 cloak (worn)
 I - a +0 robe (worn)
Jewellery
 p - an amulet of magic regeneration (around neck)
Wands
 t - a wand of flame (15)
 w - a wand of roots (16)
 G - a wand of mindburst (8)
Scrolls
 g - 8 scrolls of identify {unknown}
 m - a scroll of enchant armour {unknown}
 n - a scroll of amnesia
 o - 3 scrolls of enchant weapon {unknown}
 u - a scroll of immolation {unknown}
 v - 2 scrolls of fear
 y - a scroll of silence {unknown}
 z - 5 scrolls of blinking {unknown}
 A - 2 scrolls of fog {unknown}
 C - a scroll of magic mapping {unknown}
 D - a scroll of summoning {unknown}
 F - 2 scrolls of poison {unknown}
 H - 2 scrolls of teleportation {unknown}
Potions
 b - 2 potions of lignification
 e - 2 potions of ambrosia {unknown}
 f - 5 potions of attraction
 h - a potion of heal wounds
 i - 5 potions of curing
 l - a potion of mutation {unknown}
 q - 3 potions of brilliance {unknown}
 x - a potion of haste


   Skills:
 + Level 2.1 Short Blades
 + Level 0.7 Throwing
 * Level 5.3 Dodging
 + Level 2.8 Stealth
 * Level 3.0 Shields
 * Level 11.1 Spellcasting
 * Level 3.0 Conjurations
 * Level 6.4 Necromancy
 + Level 3.2 Translocations
 * Level 1.0 Air Magic
 * Level 2.0 Poison Magic
 + Level 1.0 Invocations


You had 12 spell levels left.
You knew the following spells:

 Your Spells              Type           Power      Damage    Failure   Level
a - Magic Dart            Conj           100%       1d8       1%          1
b - Blink                 Tloc           54%        N/A       3%          2
c - Mephitic Cloud        Conj/Pois/Air  22%        N/A       2%          3
d - Vampiric Draining     Necr           42%        2d9       1%          3
e - Searing Ray           Conj           52%        2d6       1%          2
n - Ignite Poison         Fire/Tmut/Pois 15%        N/A       4%          3
p - Apportation           Tloc           54%        N/A       1%          1
t - Teleport Other        Tloc           27%        N/A       6%          3

Your spell library contained the following spells:

 Spells                   Type           Power      Damage    Failure   Level
 Shock                    Conj/Air       88%        1d8       1%          1
 Lesser Beckoning         Tloc           54%        N/A       3%          2
 Gell's Gravitas          Tloc           27%        N/A       6%          3
 Spider Form              Tmut/Pois      17%        N/A       14%         3
 Cause Fear               Hex            6%         N/A       56%         4
 Summon Mana Viper        Hex/Summ       12%        N/A       89%         5


Dungeon Overview and Level Annotations

Branches:
Dungeon (8/15)             Temple (0/1) D:6
   Lair: D:8-11

Altars:
Dithmenos
Fedhas
Hepliaklqana
Okawaru
Qazlal
Trog
Vehumet
Zin
The Shining One

Shops:
D:2 =   D:4 (

Annotations:
D:6 Pikel


Message History

The poisoned dart barely misses the ogre.
Throw: 20 darts (poison)
Press: ? - help, Q - select action, (/) - cycle Shift-Dir - straight line, f/p - ogre
Aim: an ogre, wielding a +0 giant club (lightly wounded, poisoned, 71% to hit)
You throw a poisoned dart. The poisoned dart hits the ogre.
The ogre is lightly wounded.
Throw: 19 darts (poison)
Press: ? - help, Q - select action, (/) - cycle Shift-Dir - straight line, f/p - ogre
Aim: an ogre, wielding a +0 giant club (lightly wounded, poisoned, 71% to hit)
You throw a poisoned dart. The poisoned dart hits the ogre.
The ogre is lightly wounded.
Casting: Ignite Poison (dangerous; 4% risk of failure)
Confirm with . or Enter, or press ? or * to list all spells.
You ignite the poison in your surroundings!
The ogre seems to burn from within.
The ogre is moderately wounded.
The ogre hits you with a +0 giant club!!
Casting: Ignite Poison (dangerous; 4% risk of failure)
Confirm with . or Enter, or press ? or * to list all spells.
Aiming: Vampiric Draining (safe; 1% risk of failure)
Press: ? - help, Shift-Dir - straight line, f/p - ogre
Aim: an ogre, wielding a +0 giant club (moderately wounded)
You draw life force from the ogre.
You feel life coursing into your body.
Casting: Vampiric Draining (safe; 1% risk of failure)
Confirm with . or Enter, or press ? or * to list all spells.
Aiming: Vampiric Draining (safe; 1% risk of failure)
Press: ? - help, Shift-Dir - straight line, f/p - ogre
Aim: an ogre, wielding a +0 giant club (moderately wounded)
You draw life force from the ogre.
You feel life coursing into your body.
The ogre hits you with a +0 giant club!!
* * * LOW HITPOINT WARNING * * *
Casting: Vampiric Draining (safe; 1% risk of failure)
Confirm with . or Enter, or press ? or * to list all spells.
Aiming: Vampiric Draining (safe; 1% risk of failure)
Press: ? - help, Shift-Dir - straight line, f/p - ogre
Aim: an ogre, wielding a +0 giant club (heavily wounded)
You draw life force from the ogre!
You feel life coursing into your body!
The ogre hits you with a +0 giant club!!
Ouch! That really hurt!
You die...

########
.......##########################
.......'.(.(.((O@................
.......#.(..#################'###
#####'##....# #####......
#..##....# #(..'......
#.###....###########.###......
#.# #.............##.# #######
####.# #.....#######.##.# #.
.....#######.#<....#.##.# #.
....†.....##.##.#..#.##.###### #.


You could see an ogre.

Vanquished Creatures
  Joseph (D:7)
  A wyvern (D:7)
  Menkaure (D:7)
  An ice beast (D:6)
  A sky beast (D:6)
  2 black bears
  An ogre (D:5)
  A centaur (D:7)
  A phantom (D:7)
  Blork the orc (D:6)
  A kobold brigand (D:6)
  A gnoll sergeant (D:7)
  A bullfrog (D:7)
  2 scorpions (D:5)
  A gnoll bouda (D:3)
  6 hounds
  A jelly (D:6)
  Crazy Yiuf (D:7)
  5 iguanas
  A sleepcap (D:5)
  An orc wizard (D:7)
  15 gnolls
  9 adders
  6 white imps
  2 ufetubi
  A worm (D:4)
  3 dart slugs
  18 orcs
  6 ball pythons
  4 endoplasms
  8 goblins
  5 hobgoblins
  A quokka (D:1)
  4 bats
  4 frilled lizards
  11 kobolds
  A rat (D:2)
130 creatures vanquished.

Notes
Turn   | Place    | Note
-------+----------+-------------------------------------------
     0 | D:1      | Esekla the Deep Elf Wanderer began the quest for the Orb.
     0 | D:1      | Esekla set off with the following items: a +0 club, a
                  | potion of lignification, a +0 robe, a +0 buckler; and the
                  | following spells available to memorise: Apportation, Blink,
                  | Lesser Beckoning, Magic Dart, Ignite Poison, Vampiric
                  | Draining.
     0 | D:1      | Reached XP level 1. HP: 10/10 MP: 7/7
     2 | D:1      | Learned a level 1 spell: Magic Dart
     4 | D:1      | Learned a level 1 spell: Apportation
   378 | D:4      | Found a radiant altar of Vehumet.
   389 | D:4      | Found an iron altar of Okawaru.
   401 | D:4      | Found a glowing silver altar of Zin.
   485 | D:4      | Became a worshipper of Vehumet
   650 | D:3      | Reached XP level 2. HP: 15/15 MP: 6/9
   911 | D:4      | Found Ponaysk's Antique Weapon Boutique.
  1045 | D:5      | Entered Level 5 of the Dungeon
  1118 | D:5      | Found a shadowy altar of Dithmenos.
  1177 | D:5      | Reached skill level 5 in Spellcasting
  1177 | D:5      | Reached XP level 3. HP: 19/19 MP: 10/12
  1180 | D:5      | Learned a level 2 spell: Blink
  1184 | D:5      | Learned a level 3 spell: Vampiric Draining
  1202 | D:5      | Reached skill level 1 in Necromancy
  1280 | D:5      | Reached skill level 1 in Dodging
  1280 | D:5      | Reached skill level 6 in Spellcasting
  1280 | D:5      | Reached XP level 4. HP: 19/24 MP: 8/14
  1623 | D:3      | Identified the +5 rapier of the Hero {heavy, rN+ Dex+3}
  1641 | D:2      | Found Renulab's Jewellery Shop.
  1769 | D:2      | Noticed a black bear
  2017 | D:3      | Found a stormy altar of Qazlal.
  2051 | D:3      | Found a bloodstained altar of Trog.
  2054 | D:3      | Found a hazy altar of Hepliaklqana.
  2308 | D:3      | Reached skill level 7 in Spellcasting
  2308 | D:3      | Reached XP level 5. HP: 28/28 MP: 10/16
  2317 | D:3      | Reached * piety under Vehumet
  2317 | D:3      | Offered knowledge of Sandblast by Vehumet.
  2671 | D:1      | Learned a level 3 spell: Teleport Other
  3008 | D:2      | Found a faded altar of an unknown god.
  3036 | D:2      | Reached XP level 6. HP: 32/32 MP: 16/18
  3281 | D:4      | Offered knowledge of Shock by Vehumet.
  3282 | D:4      | Reached skill level 1 in Short Blades
  3284 | D:4      | Learned a level 1 spell: Shock
  3312 | D:4      | Reached skill level 8 in Spellcasting
  3402 | D:4      | Reached ** piety under Vehumet
  3489 | D:5      | Got the Parchment of the Lumpy Olives
  3615 | D:5      | Reached XP level 7. HP: 26/36 MP: 14/20
  3725 | D:4      | Found a glowing golden altar of the Shining One.
  4187 | D:5      | Reached skill level 9 in Spellcasting
  4530 | D:6      | Found a staircase to the Ecumenical Temple.
  4672 | D:6      | Noticed Blork the orc
  4690 | D:6      | Killed Blork the orc
  4690 | D:6      | Offered knowledge of Searing Ray by Vehumet.
  4694 | D:6      | Learned a level 2 spell: Searing Ray
  4758 | D:6      | Noticed Pikel
  4783 | D:7      | Found a runed translucent door.
  4784 | D:7      | Noticed Crazy Yiuf
  4792 | D:7      | Killed Crazy Yiuf
  4871 | D:7      | Noticed a wyvern
  4888 | D:7      | Reached XP level 8. HP: 39/41 MP: 19/23
  4927 | D:7      | Reached skill level 1 in Conjurations
  4927 | D:7      | Reached skill level 5 in Necromancy
  4956 | D:7      | Noticed Menkaure
  4959 | D:7      | Killed Menkaure
  4959 | D:7      | Reached *** piety under Vehumet
  4960 | D:7      | Reached skill level 10 in Spellcasting
  6051 | D:8      | Offered knowledge of Mephitic Cloud by Vehumet.
  6064 | D:7      | Learned a level 3 spell: Mephitic Cloud
  6243 | D:7      | Reached skill level 1 in Poison Magic
  6373 | D:6      | Learned a level 3 spell: Ignite Poison
  6394 | D:6      | Reached skill level 5 in Dodging
  6394 | D:6      | Reached XP level 9. HP: 45/45 MP: 23/25
  6398 | D:6      | Found a blossoming altar of Fedhas.
  6612 | D:7      | Noticed Joseph
  6653 | D:7      | Killed Joseph
  6654 | D:7      | Reached skill level 11 in Spellcasting
  6654 | D:7      | Reached skill level 1 in Air Magic
  6734 | D:7      | Demolished by an ogre

Illustrated notes

Levels and vault maps discovered:
D:1:      sevenhm_arrival_forest_fort_small_3, layout_rooms,
          chequers_serial_rivers_room_b, minmay_misc_feat_five
D:2:      layout_loops_ring, dreamdust_ecumenical_altar_angels_and_demons,
          serial_shops, shop
D:3:      layout_basic, grunt_temple_overflow_open, minmay_misc_feat_iff
D:4:      layout_basic, nicolae_overflow_quartered_altars, serial_shops,
          nicolae_diamond_shop
D:5:      layout_loops_ring, lemuel_doored_altar, minmay_misc_feat_rows,
          dreamdust_wishing_well
D:6:      layout_loops_cross, fedhas_altar_fruit_tree,
          minmay_temple_entry_glass, uniq_pikel, uniq_blork_the_orc
D:7:      layout_basic, uniq_menkaure, uniq_joseph, uniq_crazy_yiuf_cottage
D:8:      layout_basic, nicolae_uskayaw_dance_hall, serial_demonic,
          serial_demonic_d, serial_demonic_a, serial_demonic_c,
          serial_demonic_c, nicolae_diode_quadrants

Skill      XL: |  1  2  3  4  5  6  7  8  9 |
---------------+----------------------------+-----
Spellcasting   | 5 6 7 8 9 10 11 | 11.1
Necromancy     | 1 2 3 4 6 |  6.4
Dodging        | 1 2 3 5 |  5.3
Short Blades   | 1 2 |  2.1
Shields        | 2 3 |  3.0
Stealth        | 2 |  2.8
Conjurations   | 2 3 |  3.0
Translocations | 3 |  3.2
Poison Magic   | 1 2 |  2.0
Air Magic      | 1 |  1.0
Throwing       | |  0.7
Invocations    | |  1.0

Action                     |  1- 3 |  4- 6 |  7- 9 || total
---------------------------+-------+-------+-------++-------
  Melee: Short sword       |    41 |    96 |       ||   137
         Dagger            |       |    13 |    86 ||    99
         Rapier            |       |     2 |    82 ||    84
  Throw: Dart              |       |     9 |    21 ||    30
   Cast: Magic Dart        |    26 |    65 |    47 ||   138
         Apportation       |    26 |    10 |    11 ||    47
         Vampiric Draining |     2 |    30 |    41 ||    73
         Searing Ray       |       |       |     4 ||     4
         Teleport Other    |       |       |    18 ||    18
         Mephitic Cloud    |       |       |     7 ||     7
         Blink             |       |       |     1 ||     1
         Ignite Poison     |       |       |     2 ||     2
  Evoke: Wand              |       |       |     1 ||     1
    Use: Scroll            |     1 |       |     1 ||     2
         Potion            |       |       |     4 ||     4
   Stab: Sleeping          |     1 |     2 |     2 ||     5
         Confused          |       |       |     3 ||     3
 Armour: Robe              |    20 |    19 |    60 ||    99
  Dodge: Dodged            |    23 |    70 |   121 ||   214
  Block: Buckler           |    13 |    17 |    47 ||    77
